 Dungeon Crawl Stone Soup version 0.20.1-1-g8b1a95d66d (webtiles) character file.

1592 Pixllover the Basher (level 8, -2/63 HPs)
             Began as a Minotaur Berserker on Dec 16, 2017.
             Was an Elder of Trog.
             Slain by an orc warrior
             ... wielding a +0 short sword
              (5 damage)
             ... on level 6 of the Dungeon.
             The game lasted 00:18:44 (4868 turns).

Pixllover the Basher (Minotaur Berserker)           Turns: 4868, Time: 00:18:44

Health: -2/63      AC:  9    Str: 24    XL:     8   Next: 61%
Magic:  7/7        EV: 15    Int:  6    God:    Trog [****..]
Gold:   205        SH:  0    Dex: 10    Spells: 7/7 levels left

rFire    x . .     SeeInvis .   a - +0 mace
rCold    + . .     Gourm    .   (no shield)
rNeg     . . .     Faith    .   o - +2 scale mail {MR+}
rPois    .         Spirit   .   (helmet restricted)
rElec    .         Reflect  .   (no cloak)
rCorr    .         Harm     .   (no gloves)
MR       +....     Clarity  +   (no boots)
Stlth    ..........             l - amulet of rage
Regen    0.2/turn               d - ring of ice
MPRegen  0.1/turn               i - +3 ring of evasion

@: no status effects
A: retaliatory headbutt, horns 2, clarity, clever 1, frail 1, evolution 1
a: Berserk, Trog's Hand, Brothers in Arms, Burn Spellbooks, Renounce Religion,
Evoke Berserk Rage


You were on level 6 of the Dungeon.
You worshipped Trog.
Trog was greatly pleased with you.
You were not hungry.

You visited 1 branch of the dungeon, and saw 6 of its levels.

You collected 205 gold pieces.

Inventory:

Hand Weapons
 a - a +0 mace (weapon)
 e - a +0 mace
Missiles
 m - 8 poisoned needles (quivered)
Armour
 b - a +0 animal skin
 f - a +1 scale mail
 o - a +2 scale mail of magic resistance (worn)
Jewellery
 d - a ring of ice (left hand)
 i - a +3 ring of evasion (right hand)
 k - an uncursed ring of resist corrosion {unknown}
 l - an amulet of rage (around neck)
Wands
 u - a wand of confusion (20/48)
Scrolls
 h - a scroll of fog {unknown}
 p - 2 scrolls of blinking
 s - 2 scrolls of identify
Potions
 n - a potion of lignification
 v - a potion of curing
Books
 q - a book of Conjurations

   Spells                             Type                      Level
   a - Magic Dart                     Conjuration                  1
   b - Searing Ray                    Conjuration                  2
   c - Dazzling Spray                 Conjuration/Hexes            3
   d - Fulminant Prism                Conjuration/Hexes            4
   e - Force Lance                    Conjuration/Translocation    4
   f - Iskenderun's Mystic Blast      Conjuration                  4
   Trog disapproves of the use of such an item.
Comestibles
 c - 5 bread rations
 g - a meat ration
 j - 3 royal jellies
 r - 2 fruits
 t - a chunk of flesh


   Skills:
 + Level 6.8 Fighting
 + Level 8.7 Maces & Flails
 + Level 7.0 Armour
 + Level 5.1 Dodging
 + Level 1.3 Stealth


You had 7 spell levels left.
You didn't know any spells.

Dungeon Overview and Level Annotations

Branches:
Dungeon (6/15)
 Temple: D:4-7

Altars:
Elyvilon
Fedhas
Makhleb
Nemelex Xobeh


Innate Abilities, Weirdness & Mutations

You reflexively headbutt those who attack you in melee.
You have a pair of horns on your head.
You possess an exceptional clarity of mind.
Your mind is acute. (Int +2)
You are frail. (-10% HP)
You evolve.


Message History

Items here: )) [[ a club; a leather armour; a flail; a scale mail You see here a howler monkey corpse.
You butcher the howler monkey corpse.
t - a chunk of flesh The orc warrior hits you but does no damage.
You barely miss the orc warrior.
You headbutt the orc warrior, but do no damage.
The orc warrior is almost dead.
The orc warrior hits you with a short sword!
* * * LOW HITPOINT WARNING * * *
You hit the orc warrior but do no damage.
Your headbutt misses the orc warrior.
The orc warrior is almost dead.
The orc warrior hits you with a short sword!
* * * LOW HITPOINT WARNING * * *
You hit the orc warrior but do no damage.
The orc warrior is almost dead.
The orc warrior hits you with a short sword.
You die...

................# .......
...#######.####.# #.....#
##########.####.####....>##
...##§≈≈##....'...#.......#
..##≈≈≈≈≈##...#...#.......#
..#≈≈...≈§#...#...#.......#
..#≈.....≈#...#...#.......#
..#.......#...#.o)##.....###
....#.........#.@.##........
##.##.).##....#............#
##.##...#######...##.......#
........##...##...##.......#
...........................#
...........................#
...........................#
##..########+####.##..##..#######
##'###..###..####.##..##...)....#


You could see an orc warrior.

Vanquished Creatures
  Pikel (D:5)
  Duvessa (D:4)
  A slave (D:5)
  A sky beast (D:5)
  2 ogres
  The ghost of Noxor the Sneak, an amateur SpEn (D:3)
  Dowan (D:4)
  2 scorpions
  A howler monkey (D:6)
  A crimson imp (D:5)
  A centaur skeleton (D:5)
  2 orc priests
  3 hounds
  An orc wizard (D:3)
  A worker ant (D:4)
  A killer bee zombie (D:5)
  A worker ant zombie (D:6)
  A gnoll (D:1)
  A howler monkey skeleton (D:6)
  11 adders
  An adder skeleton (D:6)
  A worm (D:2)
  2 dart slugs
  2 leopard geckos
  26 orcs
  3 ball pythons
  5 bats
  4 giant cockroaches
  7 goblins
  6 hobgoblins
  4 jackals
  6 kobolds
  4 quokkas
  A frilled lizard (D:1)
  11 rats
  2 bushes (D:4)
  6 fungi (D:3)
  8 plants
134 creatures vanquished.

Vanquished Creatures (others)
  A worker ant (D:5)
1 creature vanquished.

Grand Total: 135 creatures vanquished

Notes
Turn   | Place    | Note
-------+----------+-------------------------------------------
     0 | D:1      | Pixllover the Minotaur Berserker began the quest for the Orb.
     0 | D:1      | Reached XP level 1. HP: 19/19 MP: 0/0
     8 | D:1      | Reached XP level 2. HP: 27/27 MP: 1/1
    92 | D:1      | Reached skill level 4 in Maces & Flails
   390 | D:1      | Reached XP level 3. HP: 26/33 MP: 2/2
   714 | D:1      | Reached ** piety under Trog
   935 | D:2      | Reached XP level 4. HP: 33/41 MP: 3/3
  1052 | D:2      | Found a white marble altar of Elyvilon.
  1500 | D:3      | Found a blossoming altar of Fedhas.
  1663 | D:3      | Found a burning altar of Makhleb.
  1716 | D:3      | Noticed Noxor's ghost (amateur SpEn)
  1726 | D:3      | Killed Noxor's ghost
  1726 | D:3      | Reached skill level 5 in Maces & Flails
  1726 | D:3      | Reached XP level 5. HP: 44/47 MP: 4/4
  1817 | D:3      | Reached *** piety under Trog
  1858 | D:3      | Reached skill level 5 in Fighting
  1986 | D:3      | Found a sparkling altar of Nemelex Xobeh.
  2497 | D:4      | Noticed Dowan
  2499 | D:4      | Noticed Duvessa
  2516 | D:4      | Killed Duvessa
  2516 | D:4      | Reached skill level 6 in Maces & Flails
  2516 | D:4      | Reached XP level 6. HP: 33/56 MP: 5/5
  2527 | D:4      | Killed Dowan
  3176 | D:4      | Reached XP level 7. HP: 61/61 MP: 6/6
  3371 | D:5      | Entered Level 5 of the Dungeon
  3490 | D:5      | Reached skill level 5 in Armour
  3517 | D:5      | Reached skill level 7 in Maces & Flails
  3566 | D:5      | Gained mutation: You are frail. (-10% HP) [potion of mutation]
  3566 | D:5      | Gained mutation: Your mind is acute. (Int +2) [potion of mutation]
  3566 | D:5      | Gained mutation: You evolve. [potion of mutation]
  3770 | D:5      | Noticed Pikel
  3798 | D:5      | Killed Pikel
  3798 | D:5      | Reached skill level 8 in Maces & Flails
  3798 | D:5      | Reached skill level 1 in Stealth
  3798 | D:5      | Reached XP level 8. HP: 46/63 MP: 7/7
  3941 | D:5      | Reached skill level 5 in Dodging
  4132 | D:5      | Gained mutation: You possess an exceptional clarity of mind. [evolution]
  4670 | D:6      | Reached **** piety under Trog
  4866 | D:6      | HP: 2/63 [orc warrior/short sword (10)]
  4868 | D:6      | Slain by an orc warrior

Skill      XL: |  1  2  3  4  5  6  7  8 |
---------------+-------------------------+-----
Fighting       | 4 5 6 |  6.8
Maces & Flails | 4 5 6 8 |  8.7
Armour         | 3 4 6 7 |  7.0
Dodging        | 3 4 5 |  5.1
Stealth        | 1 |  1.3

Action                   |  1- 3 |  4- 6 |  7- 9 || total
-------------------------+-------+-------+-------++-------
Melee: Mace              |    51 |   291 |   244 ||   586
       Headbutt          |     6 |    88 |    71 ||   165
  Use: Potion            |     3 |     2 |     4 ||     9
       Scroll            |       |     9 |     2 ||    11
  Eat: Chunk             |       |     5 |     6 ||    11
       Royal jelly       |       |     1 |       ||     1
       Fruit             |       |       |     1 ||     1
Armor: Animal skin       |    16 |       |       ||    16
       Scale mail        |     5 |    38 |    42 ||    85
Dodge: Dodged            |    68 |   100 |    75 ||   243
